 Dungeon Crawl Stone Soup version 0.29.1-15-g9cfb28693d (webtiles) character file.

Game seed: 9156903925150474773

4982 Sanktem7 the Geomancer (level 10, -6/60 HPs)
             Began as a Gargoyle Earth Elementalist on Mar 9, 2023.
             Was a Believer of Vehumet.
             Shot with an arrow by a centaur warrior (14 damage)
             ... on level 9 of the Dungeon.
             The game lasted 00:50:18 (9761 turns).

Sanktem7 the Geomancer (GrEE)                       Turns: 9761, Time: 00:50:19

Health: -6/60      AC: 22    Str: 13    XL:     10   Next: 53%
Magic:  5/17       EV: 14    Int: 27    God:    Vehumet [**....]
Gold:   526        SH:  0    Dex: 16    Spells: 15/19 levels left

rFire   . . .      SeeInvis .   z - +1 whip (venom) {mace}
rCold   . . .      Faith    .   (no shield)
rNeg    + . .      Spirit   .   i - +0 robe
rPois   ∞          Reflect  .   h - +1 helmet of Gynkam {rElec}
rElec   +          Harm     .   x - +2 cloak of Beauty {rElec Will+ Int+8 Slay-4}
rCorr   .          Rampage  .   F - +2 pair of gloves
Will    +....                   (no boots)
Stlth   ++........              (no amulet)
HPRegen 0.20/turn               f - +4 ring of protection
MPRegen 0.15/turn               n - +6 ring of dexterity

@: no status effects
A: sickness immunity, AC +7, negative energy resistance 1, electricity
resistance, torment resistance 1, petrification resistance
a: Renounce Religion


You were on level 9 of the Dungeon.
You worshipped Vehumet.
Vehumet was pleased with you.
You visited 2 branches of the dungeon, and saw 10 of its levels.

You collected 526 gold pieces.


Innate Abilities, Weirdness & Mutations

You are immune to sickness and miasma.
Your stone body is resilient. (AC +7)
You are immune to poison.
You resist negative energy. (rN+)
You are resistant to electric shocks. (rElec)
You are resistant to unholy torment.
You are immune to petrification.


   Skills:
 + Level 5.7 Fighting
 + Level 5.2 Maces & Flails
 + Level 5.7 Armour
 + Level 4.7 Dodging
 - Level 2.1 Stealth
 + Level 5.3 Spellcasting
 - Level 2.9 Conjurations
 - Level 2.2 Transmutations
 + Level 8.3 Earth Magic
 + Level 4.9 Evocations


You had 15 spell levels left.
You knew the following spells:

 Your Spells              Type           Power      Damage    Failure   Level
a - Sandblast             Erth           100%       2d20      1%          1
b - Stone Arrow           Conj/Erth      74%        3d11      1%          3

Your spell library contained the following spells:

 Spells                   Type           Power      Damage    Failure   Level
 Searing Ray              Conj           46%        2d6       3%          2
 Passwall                 Tmut/Erth      29%        N/A       1%          2
 Apportation              Tloc           14%        N/A       7%          1
 Necrotise                Necr           28%        1d5       7%          1
 Summon Small Mammal      Summ           28%        N/A       7%          1
 Petrify                  Tmut/Erth      35%        N/A       8%          4
 Call Canine Familiar     Summ           7%         N/A       22%         3
 Frozen Ramparts          Ice            14%        1d3       22%         3
 Summon Guardian Golem    Hex/Summ       7%         N/A       22%         3
 Sticky Flame             Conj/Fire      15%        2d4       36%         4
 Ice Form                 Ice/Tmut       13%        N/A       41%         4
 Cause Fear               Hex            3%         N/A       56%         4
 Summon Ice Beast         Ice/Summ       7%         N/A       56%         4
 Lightning Bolt           Conj/Air       7%         1d20      71%         5
 Alistair's Intoxication  Tmut/Pois      8%         N/A       77%         5
 Dragon Form              Tmut           9%         N/A       100%        7
 Chain Lightning          Conj/Air       7%         3d10      100%        9
 Dragon's Call            Summ           3%         N/A       100%        9

Inventory:

Hand Weapons
 z - a +1 whip of venom (weapon) {mace}
   (You took it off an orc on level 4 of the Dungeon)
Missiles
 a - 17 poisoned darts {throwing}
 e - 65 stones {throwing}
 y - 3 boomerangs {throwing}
 J - a throwing net {=f!fthrowing}
Armour
 h - the +1 helmet of Gynkam (worn) {rElec}
   (You found it on level 3 of the Dungeon)

   rElec:     It insulates you from electricity.
 i - a +0 robe (worn)
   (You found it on level 8 of the Dungeon)
 x - the +2 cloak of Beauty (worn) {rElec Will+ Int+8 Slay-4}
   (You found it on level 2 of the Dungeon)

   Int:       It affects your intelligence (+8).
   Slay:      It affects your accuracy & damage with ranged weapons and melee
   (-4).
   rElec:     It insulates you from electricity.
   Will:      It increases your willpower.
 F - a +2 pair of gloves (worn)
   (You found it on level 8 of the Dungeon)
Jewellery
 f - a +4 ring of protection (left hand)
   (You found it on level 3 of the Dungeon)
 n - a +6 ring of dexterity (right hand)
   (You found it on level 5 of the Dungeon)
Wands
 A - a wand of flame (30)
   (You found it on level 7 of the Dungeon)
 B - a wand of polymorph (12)
   (You found it on level 5 of the Dungeon)
 C - a wand of paralysis (20)
   (You found it on level 6 of the Dungeon)
Scrolls
 d - a scroll of amnesia
 j - 2 scrolls of magic mapping {!r}
 k - 2 scrolls of noise {!r}
 l - 4 scrolls of teleportation {@r4}
 q - a scroll of blinking {!r}
 t - 3 scrolls of fear
 v - 3 scrolls of immolation {!r!r}
 D - a scroll of brand weapon
 G - a scroll of poison {unknown}
 H - a scroll of identify {@r1}
Potions
 b - 2 potions of magic
 c - 9 potions of curing {@q1}
 g - 2 potions of lignification {!q}
 m - 2 potions of flight
 o - a potion of berserk rage {!q}
 p - a potion of ambrosia
 r - 2 potions of haste {@q3}
 s - 3 potions of heal wounds {@q2}
 u - a potion of attraction {!q}
 w - 3 potions of degeneration {!q@e2}
 E - a potion of invisibility {unknown}
 I - a potion of brilliance {unknown}
 K - a potion of might {unknown}
Miscellaneous
 L - a piece from Xom's chessboard (15/15)
   (You found it on level 9 of the Dungeon)

Dungeon Overview and Level Annotations

Branches:
Dungeon (9/15) Zot: 25871  Temple (1/1) D:4 Zot: 5972     Orc (0/2) D:9
   Lair: D:8-11

Altars:
Ashenzari
Cheibriados
Dithmenos
Elyvilon
Fedhas
Gozag
Hepliaklqana
Kikubaaqudgha
Makhleb
Nemelex Xobeh
Okawaru
Qazlal
Ru
Sif Muna
Trog
Uskayaw
Vehumet
Wu Jian
Xom
Yredelemnul
Zin
The Shining One

Shops:
D:5 (

Annotations:
D:5 3 runed translucent doors, jtron's ghost, novice GnWn

#... #..# #.#......#.....
#... #####
#.####'###..... ... ##..
#.............. #.. #...
#.............. #..
...#!.. #.....#####....
#.# #..#..c #.....# #....
#.# #..##.. #.....# #....
#.# #..###'#########
#.... #.#
#......@.##...## #....
#.# #........#.....#
#....
###.######.....8..'(....#
#....
..................#.....#
####.
.####+####........##...##
#. ......#
##.###)######### #.
.####.#
#.##...###....########)
.#....#
#.#.....##.............
.#.##.##
#.#.....##.............


You could see a centaur warrior.


Message History

There is an open door here.
Things that are here:
a +0 dagger {short}; an orc corpse
L - a piece from Xom's chessboard (15/15) 😎 HP[+1] MP[+3]
Your hp is fully restored (59).
Your mp is fully restored (17).
e - 65 stones {throwing} (gained 2)
There is an open door here.
Things that are here:
a +0 dagger {short}; an orc corpse You open the door.
A cyclops comes into view.
A cyclops is nearby!
Casting: Sandblast (safe; 1% risk of failure)
Confirm with . or Enter, or press ? or * to list all spells.
Aiming: Stone Arrow (dangerous; 2% risk of failure)
Press: ? - help, Shift-Dir - straight line, f - cyclops
Aim: a cyclops, quivering large rocks (asleep, 100% to hit)
The stone arrow hits the cyclops!! 😎 MP[-3]
You lost 3 mp, and now have 14/17 mp.
Casting: Stone Arrow (dangerous; 2% risk of failure)
Confirm with . or Enter, or press ? or * to list all spells.
Aiming: Stone Arrow (dangerous; 2% risk of failure)
Press: ? - help, Shift-Dir - straight line, f/p - cyclops
Aim: a cyclops, quivering large rocks (heavily wounded, 98% to hit)
The stone arrow hits the cyclops! 😎 MP[-3]
You lost 3 mp, and now have 11/17 mp.
Casting: Stone Arrow (dangerous; 2% risk of failure)
Confirm with . or Enter, or press ? or * to list all spells.
Aiming: Stone Arrow (dangerous; 2% risk of failure)
Press: ? - help, Shift-Dir - straight line, f/p - cyclops
Aim: a cyclops, quivering large rocks (severely wounded, 98% to hit)
The stone arrow hits the cyclops! 😎 MP[-3]
You lost 3 mp, and now have 8/17 mp.
Casting: Stone Arrow (dangerous; 2% risk of failure)
Confirm with . or Enter, or press ? or * to list all spells.
Aiming: Stone Arrow (dangerous; 2% risk of failure)
Press: ? - help, Shift-Dir - straight line, f/p - cyclops
Aim: a cyclops, quivering large rocks (almost dead, 98% to hit)
The stone arrow hits the cyclops!!
You kill the cyclops!
Vehumet accepts your kill.
You feel your power returning. 😎 HP[+1] MP[-2]
You now have 60 max hp (+1).
Your hp is fully restored (60).
You lost 2 mp, and now have 6/17 mp.
There is an open door here.
You open the door.
A centaur warrior comes into view. 😎 MP[+11]
Your mp is fully restored (17).
Casting: Stone Arrow (safe; 1% risk of failure)
Confirm with . or Enter, or press ? or * to list all spells.
Aiming: Stone Arrow (safe; 1% risk of failure)
Press: ? - help, Shift-Dir - straight line, f - centaur warrior
Aim: a centaur warrior (asleep, 100% to hit)
The stone arrow hits the centaur warrior!
The centaur warrior shouts!
The centaur warrior wields a +2 vorpal shortbow.
The centaur warrior shoots an arrow.
The arrow hits you!! 😮 HP[-24] MP[-3]
You take 24 damage, and now have 36/60 hp.
MASSIVE DAMAGE!! (PAUSE)
You lost 3 mp, and now have 14/17 mp.
Casting: Stone Arrow (safe; 1% risk of failure)
Confirm with . or Enter, or press ? or * to list all spells.
Aiming: Stone Arrow (safe; 1% risk of failure)
Press: ? - help, Shift-Dir - straight line, f/p - centaur warrior
Aim: a centaur warrior, wielding a +2 vorpal shortbow (lightly wounded, 81% to hit)
The stone arrow hits the centaur warrior!
The centaur warrior shoots an arrow.
The arrow hits you!
* * * LOW HITPOINT WARNING * * *
x2 😨 HP[-9] MP[-3]
You take 9 damage, and now have 27/60 hp.
You lost 3 mp, and now have 11/17 mp.
Casting: Stone Arrow (safe; 1% risk of failure)
Confirm with . or Enter, or press ? or * to list all spells.
Aiming: Stone Arrow (safe; 1% risk of failure)
Press: ? - help, Shift-Dir - straight line, f/p - centaur warrior
Aim: a centaur warrior, wielding a +2 vorpal shortbow (moderately wounded, 81% to hit)
The stone arrow hits the centaur warrior!
The centaur warrior shoots an arrow.
The arrow hits you!
* * * LOW HITPOINT WARNING * * *
x2 The centaur warrior shoots an arrow.
The arrow hits you.
* * * LOW HITPOINT WARNING * * *
x2 😱 HP[-19] MP[-3]
You take 19 damage, and now have 8/60 hp.
MASSIVE DAMAGE!! (PAUSE)
You lost 3 mp, and now have 8/17 mp.
Casting: Stone Arrow (safe; 1% risk of failure)
Confirm with . or Enter, or press ? or * to list all spells.
Aiming: Stone Arrow (safe; 1% risk of failure)
Press: ? - help, Shift-Dir - straight line, f/p - centaur warrior
Aim: a centaur warrior, wielding a +2 vorpal shortbow (severely wounded, 81% to hit)
The stone arrow hits the centaur warrior!
The centaur warrior shoots an arrow.
The arrow hits you!
You die...

Skill      XL: |  1  2  3  4  5  6  7  8  9 10 |
---------------+-------------------------------+-----
Transmutations | 1 2 |  2.2
Earth Magic    | 4 5 6 7 8 |  8.3
Conjurations   | 1 2 |  2.9
Spellcasting   | 3 4 5 |  5.3
Fighting       | 2 3 5 |  5.7
Maces & Flails | 2 3 4 5 |  5.2
Armour         | 2 3 5 |  5.7
Dodging        | 2 3 4 |  4.7
Evocations     | 1 3 4 |  4.9
Stealth        | |  2.1

Action                   |  1- 3 |  4- 6 |  7- 9 | 10-12 || total
-------------------------+-------+-------+-------+-------++-------
Melee: Unarmed           |    28 |       |       |       ||    28
       Dagger            |       |     4 |     4 |       ||     8
       Whip              |       |       |    57 |    12 ||    69
 Cast: Sandblast         |    42 |    27 |    71 |    53 ||   193
       Stone Arrow       |     1 |    15 |    85 |    18 ||   119
  Use: Scroll            |       |       |    18 |       ||    18
Armor: Robe              |    10 |       |     6 |    25 ||    41
       Skin              |       |     9 |    74 |       ||    83
Dodge: Dodged            |    28 |     8 |    49 |    35 ||   120

Levels and vault maps discovered:
D:1:      matt_arrival_refuge, layout_basic, grunt_decor_clamped
D:2:      layout_rooms
D:3:      layout_loops_ring, led_xom_imps, hex_medium, hangedman_glass_teeth,
          hangedman_decor_slide_cut, minmay_misc_feat_five, uniq_jessica
D:4:      layout_rooms, zin_treasury, minmay_temple_entry_statues_pillars
D:5:      layout_gridville, mainiacjoe_overflow_alcove_1,
          nicolae_hepliaklqana_hazy_memory, serial_shops, kennysheep_little_box,
          ebering_ghost_gozag
D:6:      layout_gridville, mainiacjoe_overflow_catwalk_spiral, fountainhead
D:7:      layout_loops_corners, pf_just_have_faith, uniq_maggie
D:8:      layout_loops_ring, nemelex_diamond_rough_becter, uniq_prince_ribbit1
D:9:      layout_irregular_city, nicolae_overflow_crystal_walls, erik_orc_4,
          minmay_three_doors
Temple:   nicolae_temple_ecumenical_triangle

Notes
Turn   | Place    | Note
-------+----------+-------------------------------------------
     0 | D:1      | Sanktem7 the Gargoyle Earth Elementalist began the quest
                  | for the Orb.
     0 | D:1      | Reached XP level 1. HP: 10/10 MP: 3/3
     0 | D:1      | magus.rc [v1.9.6]
   340 | D:1      | You pick up a book of the Dragon and begin reading...
   340 | D:1      | You add the spells Cause Fear, Dragon Form and Dragon's
                  | Call to your library.
   382 | D:1      | Reached skill level 1 in Transmutations
   383 | D:1      | Reached skill level 4 in Earth Magic
   383 | D:1      | Reached XP level 2. HP: 15/15 MP: 0/5
   452 | D:1      | You pick up a book of Cantrips and begin reading...
   452 | D:1      | You add the spells Necrotise, Summon Small Mammal and
                  | Apportation to your library.
  1066 | D:2      | magus.rc [v1.9.6]
  1138 | D:2      | Reached XP level 3. HP: 19/19 MP: 1/6
  1191 | D:2      | You add the spells Sticky Flame, Lightning Bolt and Chain
                  | Lightning to your library.
  1191 | D:2      | Got the Book of Dynamic Conflagration {@e2}
  1432 | D:2      | Identified the +2 cloak of Beauty {rElec Will+ Int+8
                  | Slay-4}
  1805 | D:3      | Learned a level 3 spell: Stone Arrow
  1820 | D:3      | Identified the +1 helmet of Gynkam {rElec}
  1837 | D:3      | You pick up a book of Callings and begin reading...
  1837 | D:3      | You add the spells Call Canine Familiar and Summon Guardian
                  | Golem to your library.
  1857 | D:3      | Reached XP level 4. HP: 24/24 MP: 3/7
  1911 | D:3      | Found a shimmering altar of Xom.
  1917 | D:3      | Reached skill level 5 in Earth Magic
  1919 | D:3      | Reached skill level 1 in Conjurations
  1919 | D:3      | Reached XP level 5. HP: 28/28 MP: 2/9
  1920 | D:3      | Reached skill level 3 in Spellcasting
  2050 | D:3      | Reached skill level 6 in Earth Magic
  2268 | D:3      | Reached skill level 2 in Conjurations
  2526 | D:3      | Noticed Jessica
  2529 | D:3      | Killed Jessica
  2530 | D:3      | Reached XP level 6. HP: 32/32 MP: 6/10
  2915 | D:4      | You pick up a book of Party Tricks and begin reading...
  2973 | D:4      | Reached skill level 2 in Transmutations
  3149 | D:4      | Reached XP level 7. HP: 36/36 MP: 3/12
  3598 | D:4      | Reached skill level 1 in Fighting
  3598 | D:4      | Reached skill level 1 in Maces & Flails
  3598 | D:4      | Reached skill level 1 in Armour
  3598 | D:4      | Reached skill level 2 in Dodging
  3598 | D:4      | Reached skill level 1 in Evocations
  3644 | D:4      | Found a staircase to the Ecumenical Temple.
  3650 | Temple   | Entered the Ecumenical Temple
  3666 | Temple   | Became a worshipper of Vehumet
  3767 | D:4      | Found a glowing silver altar of Zin.
  3846 | D:5      | Entered Level 5 of the Dungeon
  3856 | D:5      | magus.rc [v1.9.6]
  4178 | D:5      | Found a hazy altar of Hepliaklqana.
  4454 | D:5      | Found Ybru Ti Soe's Antique Weapon Emporium.
  4504 | D:5      | Found a broken altar of Ashenzari.
  4576 | D:5      | Found a runed translucent gate.
  4577 | D:5      | Found a runed translucent gate.
  4577 | D:5      | Found an opulent altar of Gozag.
  4578 | D:5      | Found a runed translucent gate.
  4579 | D:5      | Noticed jtron's ghost (novice GnWn)
  4579 | D:5      | Noticed a wyvern
  4642 | D:6      | Reached skill level 2 in Fighting
  4752 | D:6      | Reached skill level 2 in Maces & Flails
  4752 | D:6      | Reached skill level 2 in Armour
  4752 | D:6      | Reached XP level 8. HP: 39/44 MP: 4/13
  4820 | D:6      | Found a snail-covered altar of Cheibriados.
  4966 | D:6      | Reached skill level 2 in Evocations
  5469 | D:6      | Reached skill level 3 in Fighting
  5469 | D:6      | Reached skill level 3 in Armour
  5526 | D:6      | Found a hide-covered altar of Uskayaw.
  5568 | D:6      | Reached skill level 3 in Dodging
  5759 | D:6      | Reached skill level 3 in Maces & Flails
  5986 | D:6      | Reached skill level 3 in Evocations
  6157 | D:6      | magus.rc [v1.9.6]
  6203 | D:7      | You fall into a shaft and drop 1 floor!
  6363 | D:8      | Reached XP level 9. HP: 52/52 MP: 6/14
  6392 | D:7      | You pick up a book of Rime and begin reading...
  6392 | D:7      | You add the spells Frozen Ramparts, Ice Form and Summon Ice
                  | Beast to your library.
  6430 | D:7      | Found a bloodstained altar of Trog.
  6750 | D:7      | Reached * piety under Vehumet
  6750 | D:7      | Offered knowledge of Magic Dart by Vehumet.
  6751 | D:7      | Reached skill level 4 in Fighting
  6751 | D:7      | Reached skill level 4 in Armour
  6751 | D:7      | Reached skill level 4 in Spellcasting
  7001 | D:7      | Reached skill level 7 in Earth Magic
  7046 | D:7      | Noticed Maggie
  7058 | D:7      | Killed Maggie
  7059 | D:7      | Reached skill level 4 in Maces & Flails
  7887 | D:8      | Found a sparkling altar of Nemelex Xobeh.
  7936 | D:8      | Reached skill level 4 in Dodging
  7936 | D:8      | Reached skill level 4 in Evocations
  8308 | D:8      | Noticed Prince Ribbit
  8313 | D:8      | Killed Prince Ribbit
  8668 | D:9      | Reached skill level 5 in Armour
  8745 | D:9      | Reached skill level 5 in Fighting
  8746 | D:9      | Reached XP level 10. HP: 59/59 MP: 10/17
  8881 | D:9      | Reached ** piety under Vehumet
  8887 | D:9      | Offered knowledge of Searing Ray by Vehumet.
  8899 | D:9      | Reached skill level 5 in Spellcasting
  8984 | D:9      | Reached skill level 8 in Earth Magic
  8988 | D:9      | Found a staircase to the Orcish Mines.
  9250 | D:9      | Noticed a kobold demonologist
  9254 | D:9      | Killed a kobold demonologist
  9255 | D:9      | Reached skill level 5 in Maces & Flails
  9583 | D:9      | Found a burning altar of Makhleb.
  9679 | D:9      | Noticed a cyclops
  9683 | D:9      | Killed a cyclops
  9757 | D:9      | Noticed a centaur warrior
  9760 | D:9      | HP: 10/60 [centaur warrior/arrow (6)]
  9761 | D:9      | Shot with an arrow by a centaur warrior

Vanquished Creatures
  A cyclops (D:9)
  Maggie (D:7)
  A kobold demonologist (D:9)
  Prince Ribbit (D:8)
  A wyvern (D:7)
  A steam dragon (D:9)
  3 sky beasts
  3 orc warriors
  2 ogres
  2 centaurs
  A phantom (D:6)
  A kobold brigand (D:8)
  5 scorpions
  4 bullfrogs
  A necrophage (D:4)
  8 wights
  2 jellies (D:6)
  6 killer bees (D:9)
  An electric eel (D:6)
  2 howler monkeys (D:8)
  4 crimson imps (D:3)
  2 hounds (D:6)
  8 orc priests
  Jessica (D:3)
  An iguana (D:7)
  16 orc wizards
  6 adders
  2 white imps
  An ufetubus (D:7)
  2 worms
  3 dart slugs
  42 orcs
  6 endoplasms
  3 giant cockroaches
  4 goblins
  8 hobgoblins
  3 quokkas
  4 ball pythons
  3 bats
  7 frilled lizards
  11 kobolds
  3 rats
187 creatures vanquished.

Table legend:
 A = Non-vault XP
 B = Vault XP
 C = Vault XP percentage of total XP
 D = Non-vault monster count
 E = Vault monster count
 F = Vault count percentage of total count
                 A         B        C        D         E       F
            +---------+---------+-------+---------+---------+-------
      Total |    5134 |    1984 |  27.9 |     162 |      25 |  13.4
            +---------+---------+-------+---------+---------+-------
        D:1 |      23 |       0 |   0.0 |      14 |       0 |   0.0
        D:2 |      53 |       0 |   0.0 |      15 |       0 |   0.0
        D:3 |      51 |     235 |  82.2 |      21 |       5 |  19.2
        D:4 |     487 |       0 |   0.0 |      20 |       0 |   0.0
        D:5 |     226 |       0 |   0.0 |       8 |       0 |   0.0
        D:6 |    1014 |       0 |   0.0 |      22 |       0 |   0.0
        D:7 |    1024 |     404 |  28.3 |      16 |       1 |   5.9
        D:8 |     595 |     274 |  31.5 |      20 |       1 |   4.8
        D:9 |    1661 |    1071 |  39.2 |      26 |      18 |  40.9
            +---------+---------+-------+---------+---------+-------

Illustrated notes

Table legend:
 A = Kills in this place as a percentage of kills in entire the game.
 B = Kills by you in this place as a percentage of kills by you in the entire game.
 C = Kills by friends in this place as a percentage of kills by friends in the entire game.
 D = Other kills in this place as a percentage of other kills in the entire game.
 E = Experience gained in this place as a percentage of experience gained in the entire game.
 F = Experience gained in this place divided by the number of levels of this place that you have seen.
                   A       B       C       D       E      F
               +-------+-------+-------+-------+-------+----------------------
         Total | 100.0 | 100.0 |   N/A |   N/A | 100.0 | 711.8
       Dungeon | 100.0 | 100.0 |   N/A |   N/A | 100.0 | 790.9
               +-------+-------+-------+-------+-------+----------------------

Table legend: (Time is in decaauts)
 A = Elapsed time spent in this place.
 B = Non-inter-level travel time spent in this place.
 C = Inter-level travel time spent in this place.
 D = Time resting spent in this place.
 E = Time spent auto-exploring this place.
 F = Levels seen in this place.
 G = Mean time per level.
                   A        B        C        D        E       F      G
               +--------+--------+--------+--------+--------+-----+--------+
         Total |   9849 |   9624 |    225 |   1147 |   6814 |  10 |  984.9 |
       Dungeon |   9821 |   9596 |    225 |   1147 |   6809 |   9 | 1091.2 |
        Temple |     27 |     27 |      0 |      0 |      5 |   1 |   27.0 |
               +--------+--------+--------+--------+--------+-----+--------+

Top non-repeatable levels by time:
     D:7: 1486 daAuts
     D:6: 1439 daAuts
     D:3: 1133 daAuts
     D:9: 1127 daAuts
     D:1: 1067 daAuts
     D:8: 1031 daAuts
     D:4: 939 daAuts
     D:5: 883 daAuts
     D:2: 712 daAuts
  Temple: 27 daAuts
